 Dungeon Crawl Stone Soup version 0.27-a0-1188-g73eefd5def (webtiles) character file.

Game seed: 14357712127838309377

84 Ijustatesigmund the Chopper (level 4, -2/41 HPs)
             Began as a Hill Orc Fighter on May 21, 2021.
             Slain by Crazy Yiuf
             ... wielding a +3 quarterstaff of chaos
              (16 damage)
             ... on level 2 of the Dungeon.
             The game lasted 00:02:00 (1548 turns).

Ijustatesigmund the Chopper (Hill Orc Fighter)      Turns: 1548, Time: 00:02:01

Health: -2/41      AC:  6    Str: 18    XL:     4   Next: 45%
Magic:  4/4        EV:  7    Int:  8    God:
Gold:   32         SH:  9    Dex: 11    Spells: 3/3 levels left

rFire    . . .     SeeInvis .   a - +0 war axe
rCold    . . .     Faith    .   c - +0 kite shield
rNeg     . . .     Spirit   .   b - +0 scale mail
rPois    .         Reflect  .   (no helmet)
rElec    .         Harm     .   (no cloak)
rCorr    .         Rampage  .   (no gloves)
Will     .....                  (no boots)
Stlth    ..........             (no amulet)
HPRegen  0.13/turn              (no ring)
MPRegen  0.09/turn              (no ring)

@: mighty, hasted, very quick
A: no striking features
a: no special abilities


You were on level 2 of the Dungeon.
You visited 1 branch of the dungeon, and saw 2 of its levels.

You collected 32 gold pieces.

Inventory:

Hand Weapons
 a - a +0 war axe (weapon)
Armour
 b - a +0 scale mail (worn)
 c - a +0 kite shield (worn)
Jewellery
 e - a +6 ring of intelligence


   Skills:
 + Level 4.5 Fighting
 * Level 5.2 Axes
 - Level 3.2 Armour
 - Level 3.2 Shields


You had 3 spell levels left.
You didn't know any spells.
Your spell library contained the following spells:

 Spells                   Type           Power      Damage    Failure   Level
 Corona                   Hex            0%         N/A       99%         1
 Ensorcelled Hibernation  Hex/Ice        0%         N/A       100%        2
 Confusing Touch          Hex            0%         N/A       100%        3
 Dazzling Flash           Conj/Hex       0%         N/A       100%        3
 Tukima's Dance           Hex            0%         N/A       100%        3


Dungeon Overview and Level Annotations

Branches:
Dungeon (2/15)

Altars:

Annotations:
D:2 Crazy Yiuf


Message History

No target in view!
No target in view!
No target in view!
No target in view!
No target in view!
Found a mace.
Found a runed translucent door.
Crazy Yiuf shouts!
You feel very mighty all of a sudden.
You open the door. You slash Crazy Yiuf!
Crazy Yiuf is heavily wounded.
Crazy Yiuf hits you with a +3 quarterstaff of chaos.
Crazy Yiuf draws strength from your wounds!
You closely miss Crazy Yiuf.
Crazy Yiuf is moderately wounded.
Crazy Yiuf yells, "Powder!
Castle canine illywillydillykilly."
You block Crazy Yiuf's attack.
Crazy Yiuf twirls on the spot.
You block Crazy Yiuf's attack.
You barely miss Crazy Yiuf.
Crazy Yiuf is moderately wounded.
Crazy Yiuf barely misses you.
You barely miss Crazy Yiuf.
Crazy Yiuf is moderately wounded.
You block Crazy Yiuf's attack. Crazy Yiuf completely misses you.
You slash Crazy Yiuf!
Crazy Yiuf is severely wounded.
Crazy Yiuf hits you with a +3 quarterstaff of chaos!
You feel yourself speed up.
Your shield prevents you from hitting Crazy Yiuf.
Crazy Yiuf is severely wounded.
You block Crazy Yiuf's attack.
You closely miss Crazy Yiuf.
Crazy Yiuf is severely wounded.
Crazy Yiuf hits you but does no damage.
You barely miss Crazy Yiuf.
Crazy Yiuf is severely wounded.
Crazy Yiuf hits you with a +3 quarterstaff of chaos!
Space warps horribly around you!
You die...

#..........#
########'### #.# ###
## .# )# ### ###### .#
#)..### ##....## .#
#...g@####......# .#
#...##..#.......# .#
### ###.#......# .#
#######..# .#########
#..#### .........# ###
######.....###
########## #.#
#.............
#####.###.............
#...........###.......


You could see Crazy Yiuf.

Vanquished Creatures
  Natasha (D:2)
  Robin (D:2)
  A dart slug (D:1)
  5 ball pythons
  An endoplasm (D:1)
  2 giant cockroaches (D:1)
  4 goblins
  10 hobgoblins
  8 jackals (D:1)
  A kobold (D:1)
  A quokka (D:2)
  2 bats
  A frilled lizard (D:1)
  A rat (D:1)
39 creatures vanquished.

Vanquished Creatures (others)
  4 fungi (D:1)
  5 plants (D:1)
9 creatures vanquished.

Grand Total: 48 creatures vanquished

Notes
Turn   | Place    | Note
-------+----------+-------------------------------------------
     0 | D:1      | Ijustatesigmund the Hill Orc Fighter began the quest for
                  | the Orb.
     0 | D:1      | Reached XP level 1. HP: 19/19 MP: 1/1
    83 | D:1      | Reached skill level 3 in Axes
   106 | D:1      | Reached XP level 2. HP: 22/27 MP: 2/2
   317 | D:1      | Reached skill level 4 in Axes
   317 | D:1      | Reached XP level 3. HP: 27/33 MP: 3/3
   429 | D:1      | Found a faded altar of an unknown god.
   897 | D:2      | Noticed Natasha
   909 | D:2      | Killed Natasha
   910 | D:2      | Reached XP level 4. HP: 27/41 MP: 4/4
  1022 | D:2      | Noticed Robin
  1030 | D:2      | Reached skill level 5 in Axes
  1048 | D:2      | Killed Robin
  1535 | D:2      | Found a runed translucent door.
  1536 | D:2      | Noticed Crazy Yiuf
  1548 | D:2      | Slain by Crazy Yiuf

Illustrated notes

Levels and vault maps discovered:
D:1:      dpeg_arrival_tiny_a, layout_basic,
          shapermc_ecumenical_altar_mp_ritualfount
D:2:      layout_basic, minmay_unequal, uniq_crazy_yiuf_cottage, uniq_natasha,
          uniq_robin

Skill      XL: |  1  2  3  4 |
---------------+-------------+-----
Axes           | 3 4 5 |  5.2
Fighting       | 4 |  4.5
Armour         | |  3.2
Shields        | |  3.2

Action                   |  1- 3 |  4- 6 || total
-------------------------+-------+-------++-------
Melee: War axe           |   103 |    47 ||   150
  Use: Scroll            |     1 |     1 ||     2
       Potion            |       |     2 ||     2
Armor: Scale mail        |    58 |    18 ||    76
Dodge: Dodged            |    44 |    12 ||    56
Block: Kite shield       |    47 |    26 ||    73

Table legend: (Time is in decaauts)
 A = Elapsed time spent in this place.
 B = Non-inter-level travel time spent in this place.
 C = Inter-level travel time spent in this place.
 D = Time resting spent in this place.
 E = Time spent auto-exploring this place.
 F = Levels seen in this place.
 G = Mean time per level.
                   A        B        C        D        E       F      G
               +--------+--------+--------+--------+--------+-----+--------+
         Total |   1625 |   1584 |     41 |    265 |    947 |   2 |  812.5 |
       Dungeon |   1625 |   1584 |     41 |    265 |    947 |   2 |  812.5 |
               +--------+--------+--------+--------+--------+-----+--------+

Top non-repeatable levels by time:
     D:1: 973 daAuts
     D:2: 652 daAuts
